AoeStats
← mryendl2410

Arabia

509885107Analyzed
4v4 RM · 4d ago on Sep 28, 2026· 35m 17s· 8 players
Game mode
Random Map
Map size
Large (8 player)
Population
200
Speed
Normal
Resources
Standard
Victory
Conquest
Starting age
Dark Age
Ending age
Imperial Age
RankedLock teamsTeams togetherTeam positionsShared explorationLock speedFull tech treeHidden civsTurbo modeCheats
Victory
Defeat
🇺🇸 Ethiopians · United States
1438
+11
🇨🇴 Magyars · Colombia
1437
+11
🇭🇰 Khmer · Hong Kong SAR China
1380
+13
🇺🇸 Varangians · United States
1362
+13
🇻🇳 Hindustanis · Vietnam
1329
-13
🇨🇳 Mongols · China
1319
-12
🇻🇳 Ethiopians · Vietnam
1316
-12
🇮🇹 Goths · Italy
1285
-11
SlickPOPI
9:12 Loom
10:57 Feudal Age
16:07 Castle Age
14:40 Double-Bit Axe
16:18 Horse Collar
17:04 Bow Saw
18:38 Fletching
27:20 Bloodlines
29:05 Scale Barding Armor
30:41 Husbandry
32:27 Forging
33:18 Chain Barding Armor
34:30 Wheelbarrow
35:29 Iron Casting
36:11 Hand Cart
Sain
6:53 Loom
9:13 Feudal Age
11:11 Fletching
23:16 Castle Age
21:48 Padded Archer Armor
22:03 Double-Bit Axe
21:59 Horse Collar
22:35 Gold Mining
23:54 Bodkin Arrow
23:21 Crossbowman
25:52 Ballistics
26:20 Leather Archer Armor
le Julianchy
5:10 Loom
6:40 Loom
9:21 Feudal Age
10:38 Double-Bit Axe
11:16 Horse Collar
20:55 Scale Mail Armor
20:55 Padded Archer Armor
21:07 Scale Barding Armor
23:46 Bloodlines
27:49 Castle Age
27:55 Gold Mining
27:50 Light Cavalry
28:51 Chain Barding Armor
29:16 Bow Saw
30:47 Fletching
31:57 Bodkin Arrow
32:04 Husbandry
32:24 Padded Archer Armor
33:48 Thumb Ring
35:15 Wheelbarrow
35:36 Leather Archer Armor
虫
10:33 Feudal Age
11:25 Double-Bit Axe
11:34 Gold Mining
18:03 Padded Archer Armor
17:53 Fletching
19:07 Horse Collar
24:45 Castle Age
25:29 Wheelbarrow
25:09 Crossbowman
26:14 Bow Saw
26:41 Gold Shaft Mining
26:08 Heavy Plow
27:38 Leather Archer Armor
28:23 Bodkin Arrow
29:10 Loom
29:12 Town Watch
31:32 Ballistics
32:24 Hand Cart
32:34 Town Patrol
MLT | Bombad Gastald
0:26 Loom
9:38 Feudal Age
10:23 Double-Bit Axe
21:10 Wheelbarrow
23:37 Castle Age
24:13 Bloodlines
24:55 Scale Barding Armor
25:02 Forging
25:12 Bow Saw
26:02 Husbandry
-d
8:41 Feudal Age
14:25 Fletching
14:52 Padded Archer Armor
16:35 Horse Collar
17:33 Wheelbarrow
23:29 Castle Age
22:29 Stone Mining
22:52 Forging
piecardinap
7:38 Loom
10:08 Feudal Age
11:03 Double-Bit Axe
11:14 Horse Collar
15:50 Scale Barding Armor
19:32 Bloodlines
22:30 Castle Age
20:25 Gold Mining
24:07 Chain Barding Armor
25:31 Wheelbarrow
26:02 Forging
32:10 Iron Casting
mryendl2410
6:08 Loom
9:08 Feudal Age
9:39 Double-Bit Axe
11:15 Padded Archer Armor
11:05 Fletching
20:49 Horse Collar
24:05 Castle Age
22:22 Padded Archer Armor
23:13 Gold Mining
24:08 Crossbowman
24:46 Bodkin Arrow
26:05 Ballistics
28:22 Leather Archer Armor
Connection lost

Rejoining the realm…

Still unreachable

The connection could not be restored.

Session expired

The server has moved on; the page needs a fresh start.